 Dungeon Crawl Stone Soup version 0.28-a0-863-g8cecda6153 (webtiles) character file.

Game seed: 2855428389480700481

237 sanka the Poker (level 5, -10/43 HPs)
             Began as a Palentonga Abyssal Knight on Nov 16, 2021.
             Was a Priest of Lugonu.
             Mangled by a hornet zombie (11 damage)
             ... on level 4 of the Dungeon.
             The game lasted 00:04:08 (2866 turns).

sanka the Poker (Palentonga Abyssal Knight)         Turns: 2866, Time: 00:04:08

Health: -10/43     AC:  6    Str: 18    XL:     5   Next: 77%
Magic:  6/6        EV:  9    Int: 10    God:    Lugonu [***...]
Gold:   74         SH:  0    Dex: 10    Spells: 4/4 levels left

rFire   . . .      SeeInvis +   a - +0 trident (venom)
rCold   . . .      Faith    +   (no shield)
rNeg    . . .      Spirit   .   b - +0 leather armour
rPois   +          Reflect  .   (no helmet)
rElec   .          Harm     .   r - +1 cloak
rCorr   .          Rampage  .   (no gloves)
Will    .....                   (no barding)
Stlth   +.........              i - amulet of faith
HPRegen 0.14/turn               s - ring of poison resistance
MPRegen 0.10/turn               g - +4 ring of slaying

@: no status effects
A: large, rugged brown scales 3, see invisible, deformed body, roll 1, armoured
tail
a: Rolling Charge, Renounce Religion, Depart the Abyss, Bend Space, Banish


You were on level 4 of the Dungeon.
You worshipped Lugonu.
Lugonu was most pleased with you.
You visited 1 branch of the dungeon, and saw 4 of its levels.
You visited the Abyss 1 time.

You collected 94 gold pieces.
You spent 20 gold pieces at shops.


Innate Abilities, Weirdness & Mutations

You are completely covered in rugged brown scales. (AC +3, +7% HP)
You have supernaturally acute eyesight. (SInv)
Armour fits poorly on your strangely shaped body.
You can roll at nearby foes to attack.
You have a long armoured tail.


   Skills:
 - Level 3.0 Fighting
 + Level 5.6 Polearms
 - Level 1.5 Armour
 - Level 0.7 Dodging
 - Level 2.0 Invocations


You had 4 spell levels left.
You didn't know any spells.
Your spell library contained the following spells:

 Spells                   Type           Power      Damage    Failure   Level
 Inner Flame              Hex/Fire       0%         N/A       80%         3
 Cause Fear               Hex            0%         N/A       99%         4
 Hailstorm                Conj/Ice       0%         3d3       99%         4
 Ice Form                 Ice/Tmut       0%         N/A       99%         4
 Simulacrum               Ice/Necr       0%         N/A       100%        6
 Discord                  Hex            0%         N/A       100%        8

Inventory:

Hand Weapons
 a - a +0 trident of venom (weapon)
Armour
 b - a +0 leather armour (worn)
 r - a +1 cloak (worn)
Jewellery
 c - an amulet of guardian spirit
 g - a +4 ring of slaying (right hand)
 h - a ring of flight
 i - an amulet of faith (around neck)
 s - a ring of poison resistance (left hand)
 u - a ring of protection from cold
Scrolls
 d - 2 scrolls of fear
 e - 3 scrolls of teleportation {@r4}
 f - a scroll of magic mapping {unknown}
 j - a scroll of silence {!r}
 o - a scroll of enchant armour {unknown}
 q - a scroll of blinking {unknown}
 t - a scroll of noise {unknown}
 x - 3 scrolls of fog {unknown}
Potions
 k - 2 potions of heal wounds {unknown}
 l - a potion of attraction {unknown}
 m - 2 potions of curing {unknown}
 n - 2 potions of berserk rage {unknown}
 p - a potion of lignification {unknown}
 v - a potion of mutation {unknown}
 w - a potion of ambrosia {unknown}

Dungeon Overview and Level Annotations

Branches:
Dungeon (4/15)
 Temple: D:4-7

Altars:
Kikubaaqudgha
Trog

Shops:
D:3

? ▒...................
▒.▒▒▒▒...▒▒▒...▒▒▒▒▒
▒<...▒▒...▒ ▒..▒.▒▒...▒
▒▒▒..▒.▒▒...▒▒▒▒
▒▒▒▒▒+▒▒..............+
..=......▒..▒▒.▒▒.▒▒▒▒▒
.........▒..▒▒.▒▒.▒
......ZH.▒..▒▒.▒▒.▒
▒▒▒▒▒+▒▒£▒.▒▒▒.▒▒.▒ ▒.
▒.▒ ...▒†▒ ▒. ▒.▒
▒▒+▒.▒▒▒▒▒.
▒.▒▒▒▒▒..........
▒................
▒▒▒.▒▒................
.......................
▒▒▒▒▒▒.▒...............


You could see a hornet zombie.


Message History

Found a marble ring.
You see here 11 gold pieces.
You reach to attack!
You barely miss the hornet zombie.
You hit the hornet zombie but do no damage.
The hornet zombie hits you!
You barely miss the hornet zombie. The hornet zombie hits you.
The hornet zombie hits you!
You puncture the hornet zombie!
The hornet zombie is lightly damaged.
The hornet zombie hits you but does no damage.
You hit the hornet zombie but do no damage.
You tail-slap the hornet zombie!
The hornet zombie is moderately damaged.
The hornet zombie hits you!
* * * LOW HITPOINT WARNING * * *
You barely miss the hornet zombie.
The hornet zombie is moderately damaged.
The hornet zombie closely misses you. The hornet zombie hits you.
* * * LOW HITPOINT WARNING * * *
You barely miss the hornet zombie.
The hornet zombie is moderately damaged.
The hornet zombie hits you!
* * * LOW HITPOINT WARNING * * *
You hit the hornet zombie.
The hornet zombie is heavily damaged.
The hornet zombie hits you!
You die...

Action                   |  1- 3 |  4- 6 || total
-------------------------+-------+-------++-------
Melee: Spear             |    82 |    64 ||   146
       Tailslap          |     5 |    10 ||    15
       Trident           |       |    41 ||    41
 Abil: Rolling Charge    |     1 |       ||     1
  Use: Scroll            |       |     3 ||     3
Armor: Leather armour    |     7 |    19 ||    26
Dodge: Dodged            |    11 |    26 ||    37

Levels and vault maps discovered:
D:1:      minmay_arrival_semitransparent, layout_basic,
          hellmonk_ecumenical_altar_run_dry, minmay_tall_x
D:2:      layout_loops_corners, basic_altar
D:3:      minmay_inner_zag, layout_rooms, trog_three_pillars_becter,
          serial_shops, nicolae_shop_statue_plus
D:4:      layout_basic

Notes
Turn   | Place    | Note
-------+----------+-------------------------------------------
     0 | Abyss:1  | sanka the Palentonga Abyssal Knight began the quest for the
                  | Orb.
     0 | Abyss:1  | Reached XP level 1. HP: 19/19 MP: 2/2
    16 | D:1      | Escaped the Abyss
    53 | D:1      | Reached skill level 2 in Polearms
    63 | D:1      | Found a faded altar of an unknown god.
   386 | D:1      | Reached XP level 2. HP: 22/25 MP: 3/3
   575 | D:1      | Reached skill level 3 in Polearms
   686 | D:1      | Reached ** piety under Lugonu
   690 | D:1      | Reached XP level 3. HP: 29/31 MP: 4/4
  1004 | D:2      | Found an ancient bone altar of Kikubaaqudgha.
  1183 | D:2      | Reached skill level 4 in Polearms
  1183 | D:2      | Reached XP level 4. HP: 37/37 MP: 5/5
  2023 | D:3      | Reached *** piety under Lugonu
  2190 | D:3      | Found Qylotaof's Magic Scroll Shop.
  2197 | D:3      | Bought a scroll of identify for 20 gold pieces
  2275 | D:3      | Found a bloodstained altar of Trog.
  2626 | D:4      | Reached XP level 5. HP: 43/43 MP: 6/6
  2669 | D:4      | Reached skill level 5 in Polearms
  2865 | D:4      | HP: 1/43 [hornet zombie (10)]
  2866 | D:4      | Mangled by a hornet zombie

Vanquished Creatures
  2 hounds (D:4)
  An iguana (D:4)
  A hound skeleton (D:4)
  5 adders
  2 adder skeletons
  2 worms (D:3)
  4 dart slugs
  An orc (D:3)
  7 endoplasms
  3 giant cockroaches
  5 goblins
  9 hobgoblins
  3 quokkas
  7 ball pythons
  5 bats
  7 frilled lizards
  8 kobolds
  A quokka skeleton (D:4)
  8 rats
81 creatures vanquished.
